 Dungeon Sprint DCSS version 0.15-a0-1206-g3bad1a6 (webtiles) character file.

3200000 Infinimo the Axe Maniac (level 18, -49/145 HPs)
             Began as a Gargoyle Gladiator on June 1, 2014.
             Was a High Priest of Makhleb.
             Annihilated by The Servant
             ... wielding a +9,+9 glaive of flaming
              (61 damage)
             ... in the Dungeon (Sprint VIII: "Arena of Blood").
             The game lasted 00:01:13 (32 turns).

Infinimo the Axe Maniac (Gargoyle Gladiator)          Turns: 32, Time: 00:01:13

HP -49/145       AC 21     Str 20      XL: 18   Next: 98%
MP  18/18        EV 31     Int 10      God: Makhleb [*****.]
Gold 0           SH  0     Dex 16      Spells:  0 memorised, 17 levels left

rFire  . . .     SeeInvis .     l - +โˆž Axe of Woe
rCold  . . .     Clarity  .     b - +0 leather armour
rNeg   + . .     rCorr    .     (no shield)
rPois  +         rRot     +     c - +0 helmet
rElec  +         Spirit   .     (no cloak)
SustAb .         Warding  .     (no gloves)
rMut   .         NoTele   +     (no boots)
Gourm  .                        (no amulet)
MR     +....                    (no ring)
                                (no ring)

@: somewhat resistant to hostile enchantments, very unstealthy
A: able to fly continuously, large and strong wings, life protection 1,
electricity resistance, unbreathing, petrification resistance, rot immunity, AC
+13
a: Fly, Minor Destruction, Lesser Servant of Makhleb, Major Destruction, Greater
Servant of Makhleb, Renounce Religion


You were in the Dungeon.
You worshipped Makhleb.
Makhleb was extremely pleased with you.
You were not hungry.

You visited 1 branch

Inventory:

Hand weapons
 a - a +0,+0 war axe
 l - the +โˆž,+โˆž Axe of Woe (weapon)
   (You found it in the Dungeon)
Missiles
 d - 3 throwing nets (quivered)
Armour
 b - a +0 leather armour (worn)
 c - a +0 helmet (worn)
Comestibles
 f - a bread ration
Scrolls
 k - a scroll of blinking
Potions
 e - a potion of curing
 g - a potion of heal wounds
 h - a potion of haste
 i - 2 potions of magic
 j - a potion of berserk rage


   Skills:
 O Level 27 Fighting
 O Level 27 Axes
 - Level 20.8 Throwing
 + Level 25.1 Armour
 + Level 25.5 Dodging


You had 17 spell levels left.
You didn't know any spells.

Dungeon Overview and Level Annotations

Branches:
Dungeon (1/1)

Altars:
Makhleb

Annotations:
D The Servant


Innate Abilities, Weirdness & Mutations

You are resistant to torment.
You are immune to poison.
You can fly continuously.
Your stone body is very resilient (AC +13).
Your wings are large and strong.
You resist negative energy.
You are resistant to electric shocks.
You can survive without breathing.
You are immune to petrification.
You are immune to rotting.


Message History

Your Dodging skill increases to level 25!
You hear a shout! x9
A destroyer comes into view.
It is wielding a +9,+9 great sword of slicing.
Unknown command.
The destroyer shouts!
You hear a shout!
You hear a shout!
You hear a shout!
You hear a shout! x6
The destroyer blinks!
You hear a shout! x5
A bag of meat comes into view. It is wielding a +9,+9 war axe.
Items here: %%% ))))) ===== A bag of meat comes into view.
It is wielding a +9,+9 war axe.
The bag of meat shouts! x2
You hear a shout! x6
The bag of meat moves out of view.
You hear a shout! x5
The Servant hits you from afar with a +9,+9 glaive of flaming!!!!
Ouch! That really hurt!
* * * LOW HITPOINT WARNING * * *
The Servant burns you!!!
You die...

.. ..... #.. ....#
#.. ...# .. .###..
...###...
.....ยง###........
......_.)........
#...))# ....
#_.<)_# .....
...#@.@.)#......#
........_..V..VO...
......###C........
.###.. ...###o..
#.. ....# .. #.
.....# .........
.......... ........


You could see The Servant, 2 destroyers, a large bag of meat (inner flame), a
meat berserker (berserk) and a bag of meat.

Vanquished Creatures
  6 ogres (D)
  14 orcs (D)
  A vampire knight (D)
21 creatures vanquished.

Notes
Turn   | Place    | Note
--------------------------------------------------------------
     0 | D        | Infinimo, the Gargoyle Gladiator, began the quest for the Orb.
     0 | D        | Reached XP level 1. HP: 12/12 MP: 1/1
     4 | D        | Noticed a bag of meat
     4 | D        | Noticed a bag of meat
     4 | D        | Noticed a bag of meat
     4 | D        | Noticed a bag of meat
     7 | D        | Noticed a bag of meat
     7 | D        | Killed a bag of meat
     7 | D        | Reached skill level 15 in Fighting
     7 | D        | Reached XP level 2. HP: 14/35 MP: 2/2
     7 | D        | Reached XP level 3. HP: 16/40 MP: 3/3
     7 | D        | Reached XP level 4. HP: 18/45 MP: 4/4
     7 | D        | Reached XP level 5. HP: 20/50 MP: 5/5
     7 | D        | Reached XP level 6. HP: 22/56 MP: 6/6
     7 | D        | Reached XP level 7. HP: 23/60 MP: 7/7
     7 | D        | Reached XP level 8. HP: 25/66 MP: 8/8
     7 | D        | Reached XP level 9. HP: 26/71 MP: 9/9
     7 | D        | Reached XP level 10. HP: 27/76 MP: 10/10
     7 | D        | Reached XP level 11. HP: 28/81 MP: 11/11
     8 | D        | Noticed a meat berserker
     8 | D        | Became a worshipper of Makhleb the Destroyer
     9 | D        | Noticed a bag of meat
     9 | D        | Killed a bag of meat
     9 | D        | Reached skill level 17 in Fighting
     9 | D        | Reached skill level 15 in Axes
     9 | D        | Reached XP level 12. HP: 29/91 MP: 12/12
     9 | D        | Killed a bag of meat
     9 | D        | Acquired Makhleb's first power
     9 | D        | Reached skill level 18 in Fighting
     9 | D        | Reached skill level 15 in Dodging
     9 | D        | Reached XP level 13. HP: 30/99 MP: 13/13
    10 | D        | Noticed a bag of meat
    11 | D        | Noticed a meat berserker
    11 | D        | Noticed a bag of meat
    11 | D        | Noticed a meat berserker
    11 | D        | Killed a bag of meat
    11 | D        | Reached skill level 19 in Fighting
    11 | D        | Gained mutation: Your wings are large and strong. [gargoyle growth]
    11 | D        | Reached XP level 14. HP: 68/107 MP: 14/14
    11 | D        | Killed a bag of meat
    11 | D        | Reached skill level 20 in Fighting
    12 | D        | Killed a meat berserker
    12 | D        | Acquired Makhleb's second power
    12 | D        | Reached skill level 21 in Fighting
    12 | D        | Reached XP level 15. HP: 112/115 MP: 15/15
    13 | D        | Killed a meat berserker
    13 | D        | Reached skill level 22 in Fighting
    15 | D        | Killed a meat berserker
    16 | D        | Noticed a meat berserker
    16 | D        | Killed a bag of meat
    16 | D        | Acquired Makhleb's third power
    16 | D        | Reached skill level 23 in Axes
    16 | D        | Reached XP level 16. HP: 42/124 MP: 16/16
    17 | D        | Noticed a bag of meat
    18 | D        | Noticed a bag of meat
    18 | D        | Noticed a bag of meat
    18 | D        | Noticed a bag of meat
    18 | D        | Killed a bag of meat
    18 | D        | Reached skill level 25 in Axes
    19 | D        | Killed a bag of meat
    19 | D        | Reached skill level 27 in Axes
    20 | D        | Noticed a bag of meat
    20 | D        | Killed a bag of meat
    20 | D        | Killed a meat berserker
    20 | D        | Acquired Makhleb's fourth power
    20 | D        | Reached XP level 17. HP: 128/132 MP: 17/17
    22 | D        | Noticed a meat berserker
    22 | D        | Noticed a bag of meat
    23 | D        | Noticed a bag of meat
    24 | D        | Killed a bag of meat
    25 | D        | Killed a bag of meat
    26 | D        | Noticed a destroyer
    27 | D        | Killed a bag of meat
    27 | D        | Killed a meat berserker
    27 | D        | Acquired Makhleb's fifth power
    27 | D        | Reached skill level 27 in Fighting
    27 | D        | Reached XP level 18. HP: 143/145 MP: 18/18
    28 | D        | Killed a bag of meat
    28 | D        | Killed a destroyer
    28 | D        | Killed a bag of meat
    30 | D        | Noticed The Servant
    30 | D        | Noticed a meat berserker
    30 | D        | Killed a meat berserker
    31 | D        | Noticed a destroyer
    32 | D        | Noticed a bag of meat
    32 | D        | Noticed a bag of meat
    32 | D        | Annihilated by The Servant

Action                   |  1- 3 |  4- 6 |  7- 9 | 10-12 | 13-15 | 16-18 || total
-------------------------+-------+-------+-------+-------+-------+-------++-------
Melee: Executioner's axe |     1 |       |       |     1 |     1 |     6 ||     9
